 Dungeon Crawl Stone Soup version 0.29.0-4-gdea44cf6ec (webtiles) character file.

Game seed: 9993802434048055470

142 qw the Ruffian (level 5, 0/50 HPs)
             Began as a Troll Cinder Acolyte on Sept 2, 2022.
             Was a High Priest of Ignis.
             Succumbed to a gnoll's poison
             ... on level 3 of the Dungeon.
             The game lasted 00:01:15 (1807 turns).

qw the Ruffian (Troll Cinder Acolyte)               Turns: 1807, Time: 00:01:16

Health: 0/50       AC: 11    Str: 24    XL:     5   Next: 4%
Magic:  2/5        EV:  9    Int: 10    God:    Ignis [*****.]
Gold:   95         SH:  0    Dex:  5    Spells: 6/6 levels left

rFire   + + .      SeeInvis .     - Unarmed
rCold   . . .      Faith    .   (no shield)
rNeg    . . .      Spirit   +   a - +0 robe
rPois   .          Reflect  .   (helmet restricted)
rElec   .          Harm     .   (no cloak)
rCorr   .          Rampage  .   (gloves unavailable)
Will    +....                   (boots unavailable)
Stlth   +.........              h - amulet of guardian spirit
HPRegen 0.96/turn               d - ring of willpower
MPRegen 0.09/turn               l - ring of protection from fire

@: lethally poisoned (0 -> -11), fiery-armoured
A: large, unfitting armour, claws 3, regeneration 1, shaggy fur 1, tough skin 1
a: Renounce Religion, Fiery Armour, Foxfire Swarm, Rising Flame


You were on level 3 of the Dungeon.
You worshipped Ignis.
Ignis was extremely pleased with you.
You visited 1 branch of the dungeon, and saw 3 of its levels.

You collected 95 gold pieces.


Innate Abilities, Weirdness & Mutations

You are too large for most types of armour.
You have claws for hands.
Your natural rate of healing is unusually fast.
You are covered in fur. (AC +1)
You have tough skin. (AC +1)


   Skills:
 - Level 2.4 Fighting
 + Level 5.8 Unarmed Combat
 - Level 1.0 Spellcasting
 - Level 2.1 Fire Magic


You had 6 spell levels left.
You didn't know any spells.
Your spell library contained the following spells:

 Spells                   Type           Power      Damage    Failure   Level
 Scorch                   Fire           8%         2d5       22%         2

Inventory:

Armour
 a - a +0 robe (worn)
Jewellery
 d - a ring of willpower (left claw)
 h - an amulet of guardian spirit (around neck)
 l - a ring of protection from fire (right claw)
Scrolls
 c - 4 scrolls of amnesia {unknown}
 e - 3 scrolls of fear {unknown}
Potions
 b - a potion of curing {unknown}
 i - a potion of lignification {unknown}
 k - a potion of flight {unknown}

Dungeon Overview and Level Annotations

Branches:
Dungeon (3/15)

Altars:


Message History

The adder bites you.
You claw the adder!
You kill the adder!
You scratch the gnoll but do no damage. The gnoll hits you but does no damage.
You are poisoned.
You scratch the gnoll.
The gnoll is heavily wounded.
You feel sick.
The gnoll hits you with a +2 whip of venom.
You are more poisoned.
You barely miss the gnoll.
The gnoll is heavily wounded.
You feel very sick.
The gnoll hits you with a +2 whip of venom.
You completely miss the gnoll.
The gnoll is heavily wounded.
You feel sick.
The gnoll hits you with a +2 whip of venom.
You are more poisoned.
You scratch the gnoll.
The gnoll is severely wounded.
You feel very sick.
The gnoll hits you with a +2 whip of venom!
You are lethally poisoned!
1804 ||| INVOKING Fiery Armour.
A protective cloak of flame settles atop you.
You feel very sick.
The gnoll hits you with a +2 whip of venom.
You are more poisoned.
The gnoll is burned by your cloak of flames.
The gnoll is almost dead.
You scratch the gnoll.
You kill the gnoll!
You feel very sick.
You have reached level 5!
There is a lethal amount of poison in your body!
You feel very sick.
There is a lethal amount of poison in your body!
You die...

#... ....
..... .....
#.... ....###
##.>#...#
......)@##
.....###.####
### ##...#
##.##.#
#..##.#
#.#.##.#
###.###.##.#
...........#
.###.#####.#


There were no monsters in sight!

Vanquished Creatures
  4 gnolls (D:3)
  5 adders
  2 worms (D:2)
  An orc (D:3)
  5 endoplasms
  A hobgoblin (D:1)
  9 jackals
  4 quokkas
  6 ball pythons
  3 bats
  2 frilled lizards
  7 goblins
  A kobold (D:2)
  8 rats
58 creatures vanquished.

Vanquished Creatures (others)
  8 toadstools (D:3)
8 creatures vanquished.

Grand Total: 66 creatures vanquished

Notes
Turn   | Place    | Note
-------+----------+-------------------------------------------
     0 | D:1      | qw the Troll Cinder Acolyte began the quest for the Orb.
     0 | D:1      | Reached XP level 1. HP: 22/22 MP: 1/1
     0 | D:1      | 0 ||| qw: Version: 0.1-a-97-g2dd2ca4
     0 | D:1      | 0 ||| qw: Game counter: 4907
     0 | D:1      | 0 ||| qw: Always use a shield: true
     0 | D:1      | 0 ||| qw: God list: Okawaru
     0 | D:1      | 0 ||| qw: Allow faded altars: false
     0 | D:1      | 0 ||| qw: Do Orc after D:15 true
     0 | D:1      | 0 ||| qw: Do second Lair branch before Depths: true
     0 | D:1      | 0 ||| qw: Lair rune preference: random
     0 | D:1      | 0 ||| qw: Plans: Normal
     0 | D:1      | 0 ||| PLANNING D:1-11
    36 | D:1      | 36 ||| Stepping ~*~*~tactically~*~*~ (stealth).
   244 | D:1      | Reached XP level 2. HP: 29/29 MP: 2/2
   677 | D:1      | 677 ||| UPGRADING to ring of willpower.
   678 | D:1      | 678 ||| READING 2 scrolls labelled NIFUKE FESEJAY.
   679 | D:1      | 679 ||| DROPPING scroll of vulnerability.
   743 | D:2      | Reached skill level 4 in Unarmed Combat
   790 | D:2      | 790 ||| Stepping ~*~*~tactically~*~*~ (stealth).
   793 | D:2      | 793 ||| Stepping ~*~*~tactically~*~*~ (stealth).
   795 | D:2      | 795 ||| Stepping ~*~*~tactically~*~*~ (stealth).
   801 | D:2      | 801 ||| Stepping ~*~*~tactically~*~*~ (stealth).
   802 | D:2      | 802 ||| Stepping ~*~*~tactically~*~*~ (stealth).
   804 | D:2      | 804 ||| Stepping ~*~*~tactically~*~*~ (stealth).
   811 | D:2      | 811 ||| Stepping ~*~*~tactically~*~*~ (outnumbered).
   812 | D:2      | 812 ||| Stepping ~*~*~tactically~*~*~ (outnumbered).
   813 | D:2      | 813 ||| Stepping ~*~*~tactically~*~*~ (outnumbered).
   814 | D:2      | 814 ||| Stepping ~*~*~tactically~*~*~ (outnumbered).
   815 | D:2      | 815 ||| Stepping ~*~*~tactically~*~*~ (outnumbered).
   816 | D:2      | 816 ||| Stepping ~*~*~tactically~*~*~ (outnumbered).
   824 | D:2      | Reached XP level 3. HP: 36/36 MP: 3/3
   849 | D:2      | Found a faded altar of an unknown god.
   989 | D:2      | 989 ||| Stepping ~*~*~tactically~*~*~ (stealth).
  1419 | D:2      | 1419 ||| Stepping ~*~*~tactically~*~*~ (stealth).
  1487 | D:2      | 1487 ||| UPGRADING to amulet of guardian spirit.
  1492 | D:2      | 1492 ||| UPGRADING to ring of protection from fire.
  1493 | D:2      | 1493 ||| READING scroll labelled ANUYPNIJOTZ.
  1494 | D:2      | 1494 ||| READING scroll labelled FEUSKOLUAH.
  1495 | D:2      | 1495 ||| READING scroll labelled DAKKIEZXIUMP.
  1496 | D:2      | 1496 ||| READING scroll labelled WIMOAGUEKO.
  1497 | D:2      | 1497 ||| DRINKING 2 black potions.
  1498 | D:2      | 1498 ||| DRINKING 3 glowing black potions.
  1499 | D:2      | 1499 ||| DROPPING potion of attraction.
  1500 | D:2      | 1500 ||| DROPPING 2 potions of magic.
  1589 | D:3      | Reached skill level 5 in Unarmed Combat
  1589 | D:3      | Reached XP level 4. HP: 39/44 MP: 4/4
  1657 | D:3      | 1657 ||| Stepping ~*~*~tactically~*~*~ (stealth).
  1660 | D:3      | 1660 ||| FLEEEEING.
  1661 | D:3      | 1661 ||| FLEEEEING.
  1662 | D:3      | 1662 ||| FLEEEEING.
  1663 | D:3      | 1663 ||| FLEEEEING.
  1664 | D:3      | 1664 ||| FLEEEEING.
  1665 | D:3      | 1665 ||| FLEEEEING.
  1688 | D:3      | 1688 ||| Stepping ~*~*~tactically~*~*~ (stealth).
  1694 | D:3      | 1694 ||| Stepping ~*~*~tactically~*~*~ (stealth).
  1696 | D:3      | 1696 ||| Stepping ~*~*~tactically~*~*~ (stealth).
  1804 | D:3      | 1804 ||| INVOKING Fiery Armour.
  1805 | D:3      | HP: 7/44 [poisoned by a gnoll]
  1806 | D:3      | Reached XP level 5. HP: 8/50 MP: 2/5
  1806 | D:3      | HP: 3/50 [poisoned by a gnoll]
  1807 | D:3      | Succumbed to a gnoll's poison

Levels and vault maps discovered:
D:1:      minmay_arrival_three_doors, layout_loops_ring, serial_forest,
          infiniplex_forest_end_2, infiniplex_forest_clump_tiny,
          infiniplex_forest_clump_large, infiniplex_forest_lined_2
D:2:      minmay_door_path, layout_loops_ring, ebering_ecumenical_altar_webs,
          hex_medium, chequers_serial_rivers_marsh
D:3:      cheibrodos_fertilizer, layout_loops_ring, serial_shops, shop,
          uniq_crazy_yiuf_cottage

Skill      XL: |  1  2  3 |
---------------+----------+-----
Unarmed Combat | 4 5 |  5.8
Fighting       | |  2.4
Spellcasting   | |  1.0
Fire Magic     | |  2.1

Action                   |  1- 3 |  4- 6 || total
-------------------------+-------+-------++-------
Melee: Unarmed           |   119 |    38 ||   157
       Punch             |     2 |     1 ||     3
Invok: Fiery Armour      |       |     1 ||     1
  Use: Scroll            |     5 |       ||     5
       Potion            |     2 |       ||     2
Armor: Robe              |    35 |     3 ||    38
Dodge: Dodged            |    48 |    10 ||    58

Table legend:
 A = Non-vault XP
 B = Vault XP
 C = Vault XP percentage of total XP
 D = Non-vault monster count
 E = Vault monster count
 F = Vault count percentage of total count
                 A         B        C        D         E       F
            +---------+---------+-------+---------+---------+-------
      Total |     197 |       7 |   3.4 |      56 |       2 |   3.4
            +---------+---------+-------+---------+---------+-------
        D:1 |      15 |       0 |   0.0 |      11 |       0 |   0.0
        D:2 |      66 |       7 |   9.6 |      26 |       2 |   7.1
        D:3 |     116 |       0 |   0.0 |      19 |       0 |   0.0
            +---------+---------+-------+---------+---------+-------
